 Dungeon Crawl Stone Soup version 0.24-a0-525-g9231cdc (webtiles) character file.

Game seed: 5070339095584754226

49 BoppinsLewinski the Skirmisher (level 3, 0/24 HPs)
             Began as a Gargoyle Abyssal Knight on Aug 3, 2019.
             Was a Follower of Lugonu.
             Slain by a gnoll
             ... wielding a +0 whip
              (2 damage)
             ... on level 2 of the Dungeon.
             The game lasted 00:01:51 (630 turns).

BoppinsLewinski the Skirmisher (GrAK)                Turns: 630, Time: 00:01:52

Health: 0/24       AC:  9    Str: 16    XL:     3   Next: 75%
Magic:  4/4        EV:  9    Int: 12    God:    Lugonu [*.....]
Gold:   30         SH:  0    Dex:  9    Spells: 2/2 levels left

rFire    . . .     SeeInvis .   a - +1 mace
rCold    . . .     Gourm    .   (no shield)
rNeg     + . .     Faith    .   f - +0 scale mail
rPois    ∞         Spirit   .   (no helmet)
rElec    +         Reflect  .   (no cloak)
rCorr    .         Harm     .   (no gloves)
MR       .....                  (no boots)
Stlth    ..........             (no amulet)
HPRegen  0.08/turn              (no ring)
MPRegen  0.09/turn              (no ring)

@: berserk cooldown, slowed, very slow
A: negative energy resistance 1, electricity resistance, unbreathing,
petrification resistance, rot immunity, AC +3
a: Depart the Abyss, Renounce Religion


You were on level 2 of the Dungeon.
You worshipped Lugonu.
Lugonu was aware of your devotion.
You were not hungry.

You visited 1 branch of the dungeon, and saw 2 of its levels.
You visited the Abyss 1 time.

You collected 30 gold pieces.

Inventory:

Hand Weapons
 a - a +1 mace (weapon)
Armour
 f - a +0 scale mail (worn)
Scrolls
 d - a scroll of identify {unknown}
 e - a scroll of enchant armour {unknown}
Potions
 g - a potion of might {unknown}
Comestibles
 c - a ration


   Skills:
 + Level 3.6 Fighting
 * Level 3.0 Maces & Flails
 - Level 2.3 Armour
 + Level 1.3 Dodging
 + Level 2.4 Invocations


You had 2 spell levels left.
You didn't know any spells.
Your spell library was empty.

Dungeon Overview and Level Annotations

Branches:
Dungeon (2/15)

Altars:


Innate Abilities, Weirdness & Mutations

You are resistant to torment.
Your stone body is resilient. (AC +3)
You are immune to poison.
You resist negative energy. (rN+)
You are resistant to electric shocks. (rElec)
You can survive without breathing.
You are immune to petrification.
You are immune to rotting.


Message History

You hit the gnoll.
The gnoll is heavily wounded.
The gnoll hits you.
* * * LOW HITPOINT WARNING * * *
The gnoll barely misses you.
Unknown command.
You sock the gnoll!
You kill the gnoll!
Lugonu accepts your kill.
Your Maces & Flails skill increases to level 3!
The gnoll closely misses you.
You completely miss the gnoll.
The gnoll is heavily wounded.
You are no longer berserk.
You are exhausted.
You feel yourself slow down. The gnoll closely misses you.
You barely miss the gnoll.
The gnoll is heavily wounded.
The gnoll hits you with a +0 whip.
You die...

.# ### .# ...# .#
#...# .# . !.... .#
.... ...... .##(...
#......####.......
....!.....@g......
#....##.##.##.... #
##.#.#.>.#.# #
.##..........##..#
.................#
.#.##.............##
......†##....#..###
#.####..†.(....#
#..#.........>[...#


You could see a gnoll.

Vanquished Creatures
  An adder (D:2)
  2 gnolls (D:2)
  An ooze (D:2)
  2 bats
  A goblin (D:1)
  2 hobgoblins (D:1)
  2 jackals (D:1)
  A ball python (D:1)
  A frilled lizard (D:2)
  A kobold (D:1)
  5 rats
19 creatures vanquished.

Notes
Turn   | Place    | Note
-------+----------+-------------------------------------------
     0 | Abyss:1  | BoppinsLewinski the Gargoyle Abyssal Knight began the quest
                  | for the Orb.
     0 | Abyss:1  | Reached XP level 1. HP: 14/14 MP: 2/2
     0 | D:1      | Escaped the Abyss
   232 | D:1      | Reached skill level 1 in Dodging
   232 | D:1      | Reached XP level 2. HP: 19/19 MP: 3/3
   266 | D:1      | Reached * piety under Lugonu
   605 | D:2      | Reached XP level 3. HP: 12/23 MP: 4/4
   630 | D:2      | Slain by a gnoll

Levels and vault maps discovered:
D:1:      sevenhm_arrival_forest_fort_small_4, layout_loops_cross,
          nrook_campfire
D:2:      layout_loops_ring, lemuel_round_altar, xom_redecorated,
          makhleb_heckhound_becter, lemuel_coloured_pillars_altar,
          nicolae_dithmenos_through_a_glass_darkly

Skill      XL: |  1  2  3 |
---------------+----------+-----
Dodging        | 1 |  1.3
Maces & Flails | 3 |  3.0
Fighting       | |  3.6
Armour         | |  2.3
Invocations    | |  2.4

Action                   || total
-------------------------++-------
Melee: Mace              ||    57
Invok: Depart the Abyss  ||     1
  Use: Potion            ||     1
Armor: Leather armour    ||    15
       Scale mail        ||    15
Dodge: Dodged            ||    38

Table legend:
 A = Non-vault XP
 B = Vault XP
 C = Vault XP percentage of total XP
 D = Non-vault monster count
 E = Vault monster count
 F = Vault count percentage of total count
                 A         B        C        D         E       F
            +---------+---------+-------+---------+---------+-------
      Total |      70 |       0 |   0.0 |      19 |       0 |   0.0
            +---------+---------+-------+---------+---------+-------
        D:1 |      18 |       0 |   0.0 |      12 |       0 |   0.0
        D:2 |      52 |       0 |   0.0 |       7 |       0 |   0.0
            +---------+---------+-------+---------+---------+-------
